 Dungeon Crawl Stone Soup version 0.31-a0-202-g547052bce9 (webtiles) character file.

Game seed: 1260176949477287312

1481 qw the Skirmisher (level 8, 0/46 HPs)
             Began as a Deep Elf Hunter on June 26, 2023.
             Slain by a two-headed ogre
             ... wielding a +0 giant club
              (15 damage)
             ... on level 6 of the Dungeon.
             The game lasted 00:02:07 (4344 turns).

qw the Skirmisher (Deep Elf Hunter)                 Turns: 4344, Time: 00:02:08

Health: 0/46       AC:  9    Str:  8    XL:     8   Next: 50%
Magic:  10/10      EV: 17    Int: 15    God:
Gold:   1085       SH:  0    Dex: 20    Spells: 7/7 levels left

rFire   . . .        Y - +6 shortbow (freeze)
rCold   + . .        (shield currently unavailable)
rNeg    + . .        h - +0 ring mail
rPois   .            g - +1 helmet
rElec   +            (no cloak)
rCorr   .            e - +1 pair of gloves "Naxkass" {+Inv rC+ Str-5}
SInv    .            (no boots)
Will    .....        j - amulet "Qaparopn" {Faith rElec rN+ Str+3 Slay-2}
Stlth   ++           d - +5 ring of evasion
HPRegen 0.27/turn    (no ring)
MPRegen 0.12/turn

%: faith
@: no status effects
A: thin skeletal structure 1
a: Evoke Invisibility


You were on level 6 of the Dungeon.
You visited 1 branch of the dungeon, and saw 6 of its levels.

You collected 1085 gold pieces.


Innate Abilities, Weirdness & Mutations

You have a somewhat thin skeletal structure. (Dex +2, Stealth+)


   Skills:
 - Level 3.2 Fighting
 + Level 13.2 Ranged Weapons
 - Level 1.0 Armour
 - Level 4.1 Dodging
 - Level 1.2 Stealth


You had 7 spell levels left.
You didn't know any spells.
Your spell library was empty.

Inventory:

Hand Weapons
 Y - a +6 shortbow of freezing (weapon)
Armour
 e - the +1 pair of gloves "Naxkass" (worn) {+Inv rC+ Str-5}
   (You acquired it on level 5 of the Dungeon)

   Str:       It affects your strength (-5).
   rC:        It protects you from cold.
   +Inv:      It lets you turn invisible.
 g - a +1 helmet (worn)
 h - a +0 ring mail (worn)
Jewellery
 d - a +5 ring of evasion (left hand)
 j - the amulet "Qaparopn" (around neck) {Faith rElec rN+ Str+3 Slay-2}
   (You acquired it on level 4 of the Dungeon)

   [amulet of faith]

   It allows you to gain divine favour quickly.
   Str:       It affects your strength (+3).
   Slay:      It affects your accuracy & damage with ranged weapons and melee
   (-2).
   rElec:     It insulates you from electricity.
   rN:        It protects you from negative energy.
Scrolls
 a - a scroll of identify
 f - 5 scrolls of teleportation
Potions
 b - a potion of cancellation
 c - 2 potions of mutation
 i - 2 potions of heal wounds
 k - a potion of curing

Dungeon Overview and Level Annotations

Branches:
Dungeon (6/15)
 Temple: D:4-7

Altars:
Cheibriados
Kikubaaqudgha
Ru
Trog
Vehumet
Yredelemnul
The Shining One


Message History

Enter note:
Enter note:
Enter note:
There is an escape hatch in the floor here.
i - 2 potions of heal wounds (gained 1)
A two-headed ogre comes into view.
It is wielding a +0 giant club and a +0 dire flail.
Found a stone staircase leading down.
The two-headed ogre shouts in stereo!
Enter note:
Enter note:
Enter note:
Enter note:
Enter note:
Enter note:
Enter note:
Enter note:
Enter note: You shoot an arrow.
The arrow hits the two-headed ogre!
The arrow freezes the two-headed ogre.
The two-headed ogre is moderately wounded.
You shoot an arrow. The arrow hits the two-headed ogre.
The arrow freezes the two-headed ogre.
The two-headed ogre is moderately wounded.
You shoot an arrow. The arrow hits the two-headed ogre!
The arrow freezes the two-headed ogre.
The two-headed ogre is heavily wounded.
The two-headed ogre hits you with a +0 giant club!
The two-headed ogre closely misses you.
You shoot an arrow.
The arrow barely misses the two-headed ogre.
You shoot an arrow. The arrow hits the two-headed ogre.
The arrow freezes the two-headed ogre.
The two-headed ogre is heavily wounded.
The two-headed ogre hits you with a +0 giant club!
The two-headed ogre hits you with a +0 dire flail!
You shoot an arrow. The arrow hits the two-headed ogre.
The arrow freezes the two-headed ogre.
The two-headed ogre is heavily wounded.
The two-headed ogre hits you with a +0 giant club!
You die...

#.# #.#.... #.##.#
#...).. #.##.#
######.....# #.##.#
#.. ........ #.##.#
## #.###.....# #.##.#
#.###....[.... #.##.#
#.#.#.....#..
#.##.#####..#.#......
#...@.......#.#.#.#..
#####O#####.#.#......
.# #.#.#####.. .#
#.#)# ##.. ># #)..#
.... .# #.#####.#..
.# #)..)...... .#
#.##.~~~~~~
#....~~~~~~


You could see a two-headed ogre.

Vanquished Creatures
  A black bear (D:4)
  A sky beast (D:4)
  An ice beast (D:5)
  2 ogres
  A phantom (D:5)
  A kobold brigand (D:6)
  A bullfrog (D:5)
  2 scorpions (D:5)
  A howler monkey (D:4)
  4 orc priests
  5 hounds
  2 iguanas
  3 orc wizards
  Robin (D:2)
  5 adders
  5 gnolls
  2 worms
  2 dart slugs
  28 orcs
  5 ball pythons (D:1)
  8 bats
  8 endoplasms
  4 giant cockroaches
  13 hobgoblins
  8 jackals
  8 quokkas
  3 frilled lizards
  17 goblins
  14 kobolds
  9 rats
165 creatures vanquished.

Notes
Turn   | Place    | Note
-------+----------+-------------------------------------------
     0 | D:1      | qw the Deep Elf Hunter began the quest for the Orb.
     0 | D:1      | Reached XP level 1. HP: 12/12 MP: 3/3
     0 | D:1      | 0 ||| qw: Version: 0.3-a-22-g0ed2b0b
     0 | D:1      | 0 ||| qw: Game counter: 6162
     0 | D:1      | 0 ||| qw: Melee chars always use a shield: true
     0 | D:1      | 0 ||| qw: God list: Okawaru
     0 | D:1      | 0 ||| qw: Allow faded altars: false
     0 | D:1      | 0 ||| qw: Do Orc after clearing Dungeon:15 true
     0 | D:1      | 0 ||| qw: Do second Lair branch before Depths: true
     0 | D:1      | 0 ||| qw: Lair rune preference: random
     0 | D:1      | 0 ||| qw: Goals: Normal
     0 | D:1      | 0 ||| PLANNING D:1-11
    88 | D:1      | Reached skill level 6 in Ranged Weapons
    88 | D:1      | Reached XP level 2. HP: 16/16 MP: 4/4
   187 | D:1      | Reached XP level 3. HP: 20/20 MP: 5/5
   784 | D:1      | Reached skill level 7 in Ranged Weapons
   789 | D:1      | Found a faded altar of an unknown god.
   792 | D:1      | 792 ||| READING 3 scrolls labelled AVIONO LISM.
   793 | D:1      | 793 ||| READING scroll labelled ABIHACZ SAUH.
   794 | D:1      | 794 ||| READING 2 scrolls labelled QEORRO PIOGIX.
   798 | D:1      | 798 ||| READING scroll labelled RUMEFASKID.
   799 | D:1      | 799 ||| READING 2 scrolls of identify.
   799 | D:1      | 799 ||| IDENTIFYING golden potion
   800 | D:1      | 800 ||| DROPPING scroll of butterflies.
   801 | D:1      | 801 ||| DROPPING potion of magic.
  1074 | D:2      | Reached XP level 4. HP: 25/25 MP: 6/6
  1081 | D:2      | Noticed Robin
  1089 | D:2      | Killed Robin
  1164 | D:2      | Found an ancient bone altar of Kikubaaqudgha.
  1296 | D:2      | 1296 ||| UPGRADING to +0 helmet.
  1301 | D:2      | 1301 ||| UPGRADING to +0 ring mail.
  1311 | D:2      | 1311 ||| DROPPING +0 leather armour.
  1312 | D:2      | 1312 ||| READING 3 scrolls of identify.
  1312 | D:2      | 1312 ||| IDENTIFYING fuming pink potion
  1313 | D:2      | 1313 ||| READING 2 scrolls of identify.
  1313 | D:2      | 1313 ||| IDENTIFYING inky potion
  1314 | D:2      | 1314 ||| DROPPING potion of berserk rage.
  1382 | D:3      | Found a sacrificial altar of Ru.
  1389 | D:3      | Reached skill level 8 in Ranged Weapons
  1626 | D:3      | 1626 ||| READING scroll of enchant weapon.
  1626 | D:3      | 1626 ||| ENCHANTING +1 shortbow.
  1969 | D:3      | 1969 ||| UPGRADING to +5 ring of evasion.
  1970 | D:3      | 1970 ||| READING scroll labelled PUXESOEBUFF.
  1971 | D:3      | 1971 ||| READING 2 scrolls of identify.
  1971 | D:3      | 1971 ||| IDENTIFYING bubbling blue potion
  1972 | D:3      | 1972 ||| DROPPING potion of attraction.
  1991 | D:4      | Noticed a black bear
  2001 | D:4      | Noticed a sky beast
  2002 | D:4      | Killed a black bear
  2003 | D:4      | Reached skill level 9 in Ranged Weapons
  2003 | D:4      | Reached XP level 5. HP: 9/29 MP: 7/7
  2010 | D:4      | Killed a sky beast
  2011 | D:4      | Reached XP level 6. HP: 14/36 MP: 8/8
  2186 | D:4      | HP: 8/36 [ogre/+0 giant spiked club (28)]
  2187 | D:4      | 2187 ||| READING 2 scrolls of teleportation.
  2190 | D:4      | Reached skill level 10 in Ranged Weapons
  2191 | D:4      | 2191 ||| READING scroll of teleportation.
  2260 | D:4      | Reached skill level 3 in Dodging
  2344 | D:4      | Found a radiant altar of Vehumet.
  2346 | D:4      | Found a glowing golden altar of the Shining One.
  2347 | D:4      | Found a basalt altar of Yredelemnul.
  2392 | D:4      | You fall into a shaft and drop 1 floor!
  2392 | D:5      | Entered Level 5 of the Dungeon
  2577 | D:5      | Reached skill level 1 in Armour
  2585 | D:5      | Reached XP level 7. HP: 24/40 MP: 9/9
  2598 | D:5      | HP: 9/40 [poisoned by an adder]
  2603 | D:5      | HP: 6/40 [poisoned by an adder]
  2739 | D:5      | 2739 ||| READING 3 scrolls labelled BATOCL IRCHOA.
  2739 | D:5      | Identified 3 scrolls of acquirement
  2739 | D:5      | 2739 ||| ACQUIRING 803 gold pieces
  2739 | D:5      | Acquired 803 gold pieces
  2741 | D:5      | 2741 ||| READING 2 scrolls of acquirement.
  2741 | D:5      | 2741 ||| ACQUIRING +5 shortbow of flaming
  2741 | D:5      | Acquired a +5 shortbow of flaming
  2743 | D:5      | 2743 ||| SWAPPING to +5 shortbow of flaming.
  2744 | D:5      | 2744 ||| DROPPING +2 shortbow.
  2745 | D:5      | 2745 ||| READING scroll of acquirement.
  2745 | D:5      | 2745 ||| ACQUIRING +1 pair of gloves "Naxkass" {+Inv rC+
                  | Str-5}
  2745 | D:5      | Acquired the +1 pair of gloves "Naxkass" {+Inv rC+ Str-5}
  2746 | D:5      | 2746 ||| READING scroll labelled LUZOEB TYUNESAOLEPT.
  2747 | D:5      | 2747 ||| DRINKING 2 fuming yellow potions.
  2752 | D:5      | 2752 ||| FLEEEEING.
  2755 | D:5      | 2755 ||| STAIRDANCE
  2830 | D:4      | 2830 ||| READING scroll of acquirement.
  2830 | D:4      | 2830 ||| ACQUIRING amulet "Qaparopn" {Faith rElec rN+ Str+3
                  | Slay-2}
  2830 | D:4      | Acquired the amulet "Qaparopn" {Faith rElec rN+ Str+3
                  | Slay-2}
  2832 | D:4      | 2832 ||| UPGRADING to amulet "Qaparopn" {Faith rElec rN+
                  | Str+3 Slay-2}.
  2867 | D:4      | 2867 ||| FLEEEEING.
  2868 | D:4      | 2868 ||| FLEEEEING.
  2869 | D:4      | 2869 ||| FLEEEEING.
  2870 | D:4      | 2870 ||| FLEEEEING.
  2871 | D:4      | 2871 ||| FLEEEEING.
  2873 | D:4      | 2873 ||| FLEEEEING.
  2874 | D:4      | 2874 ||| FLEEEEING.
  2875 | D:4      | 2875 ||| FLEEEEING.
  2876 | D:4      | 2876 ||| FLEEEEING.
  2878 | D:4      | 2878 ||| FLEEEEING.
  2879 | D:4      | 2879 ||| FLEEEEING.
  2880 | D:4      | 2880 ||| FLEEEEING.
  2881 | D:4      | 2881 ||| FLEEEEING.
  2882 | D:4      | 2882 ||| FLEEEEING.
  2883 | D:4      | 2883 ||| FLEEEEING.
  2884 | D:4      | 2884 ||| FLEEEEING.
  2885 | D:4      | 2885 ||| FLEEEEING.
  2886 | D:4      | 2886 ||| FLEEEEING.
  2887 | D:4      | 2887 ||| FLEEEEING.
  2888 | D:4      | 2888 ||| FLEEEEING.
  2889 | D:4      | 2889 ||| FLEEEEING.
  2890 | D:4      | 2890 ||| FLEEEEING.
  2892 | D:4      | 2892 ||| FLEEEEING.
  2893 | D:4      | 2893 ||| FLEEEEING.
  2894 | D:4      | 2894 ||| FLEEEEING.
  2895 | D:4      | 2895 ||| FLEEEEING.
  2896 | D:4      | 2896 ||| FLEEEEING.
  2897 | D:4      | 2897 ||| FLEEEEING.
  2898 | D:4      | 2898 ||| FLEEEEING.
  2899 | D:4      | 2899 ||| FLEEEEING.
  2900 | D:4      | 2900 ||| FLEEEEING.
  2901 | D:4      | 2901 ||| FLEEEEING.
  2902 | D:4      | 2902 ||| FLEEEEING.
  2903 | D:4      | 2903 ||| STAIRDANCE
  2916 | D:3      | 2916 ||| READING scroll labelled LYHEER UNWEACU.
  2917 | D:3      | 2917 ||| DRINKING 2 yellow potions.
  2918 | D:3      | 2918 ||| DROPPING potion of brilliance.
  2927 | D:4      | Reached skill level 11 in Ranged Weapons
  2984 | D:4      | 2984 ||| READING scroll of enchant weapon.
  2984 | D:4      | 2984 ||| ENCHANTING +5 shortbow of freezing.
  3157 | D:4      | 3157 ||| READING scroll labelled HECACR USUTTA.
  3266 | D:5      | 3266 ||| FLEEEEING.
  3267 | D:5      | 3267 ||| FLEEEEING.
  3268 | D:5      | 3268 ||| FLEEEEING.
  3269 | D:5      | 3269 ||| FLEEEEING.
  3270 | D:5      | 3270 ||| FLEEEEING.
  3271 | D:5      | 3271 ||| FLEEEEING.
  3272 | D:5      | 3272 ||| FLEEEEING.
  3273 | D:5      | 3273 ||| FLEEEEING.
  3274 | D:5      | 3274 ||| FLEEEEING.
  3275 | D:5      | 3275 ||| FLEEEEING.
  3276 | D:5      | 3276 ||| FLEEEEING.
  3277 | D:5      | 3277 ||| FLEEEEING.
  3278 | D:5      | 3278 ||| FLEEEEING.
  3279 | D:5      | 3279 ||| FLEEEEING.
  3280 | D:5      | 3280 ||| FLEEEEING.
  3281 | D:5      | 3281 ||| FLEEEEING.
  3282 | D:5      | 3282 ||| FLEEEEING.
  3283 | D:5      | 3283 ||| FLEEEEING.
  3284 | D:5      | 3284 ||| FLEEEEING.
  3285 | D:5      | 3285 ||| FLEEEEING.
  3286 | D:5      | 3286 ||| FLEEEEING.
  3287 | D:5      | 3287 ||| FLEEEEING.
  3288 | D:5      | 3288 ||| FLEEEEING.
  3289 | D:5      | 3289 ||| FLEEEEING.
  3623 | D:5      | Reached XP level 8. HP: 45/45 MP: 10/10
  3631 | D:5      | Reached skill level 12 in Ranged Weapons
  3644 | D:5      | Reached skill level 3 in Fighting
  3858 | D:5      | 3858 ||| UPGRADING to +1 pair of gloves "Naxkass" {+Inv rC+
                  | Str-5}.
  3863 | D:5      | 3863 ||| DROPPING +6 ring of intelligence.
  3864 | D:5      | 3864 ||| READING scroll labelled PIKAIR GIDU.
  3865 | D:5      | 3865 ||| DRINKING 3 fuming red potions.
  3865 | D:5      | Gained mutation: You have a somewhat thin skeletal
                  | structure. (Dex +2, Stealth+) [potion of mutation]
  3867 | D:5      | 3867 ||| Stepping ~*~*~tactically~*~*~ (cloud).
  3979 | D:6      | 3979 ||| READING scroll of enchant armour.
  3979 | D:6      | 3979 ||| ENCHANTING +0 helmet.
  3999 | D:6      | Found a bloodstained altar of Trog.
  4041 | D:6      | Reached skill level 13 in Ranged Weapons
  4110 | D:6      | 4110 ||| DRINKING 2 potions of curing.
  4110 | D:6      | 4110 ||| (to cure confusion)
  4173 | D:6      | Found a snail-covered altar of Cheibriados.
  4338 | D:6      | Noticed a two-headed ogre
  4344 | D:6      | Slain by a two-headed ogre

Levels and vault maps discovered:
D:1:      dpeg_arrival_line_fractal, layout_basic,
          shapermc_ecumenical_altar_petra
D:2:      layout_rooms, basic_altar, uniq_robin
D:3:      layout_basic, nicolae_ru_great_annihilating_truth,
          minmay_misc_feat_alley
D:4:      layout_cave_pools, chequers_temple_overflow_statue_of_worship,
          minmay_vboxes
D:5:      layout_cave_pods, nicolae_elevator_lobby_asterisk
D:6:      layout_loops_ring, old_standard_altar, kennysheep_slug_shrine,
          general_overflow_altar

Skill      XL: |  1  2  3  4  5  6  7  8 |
---------------+-------------------------+-----
Ranged Weapons | 6 7 9 10 11 13 | 13.2
Fighting       | 2 3 |  3.2
Dodging        | 3 4 |  4.1
Armour         | 1 |  1.0
Stealth        | |  1.2

Action                     |  1- 3 |  4- 6 |  7- 9 || total
---------------------------+-------+-------+-------++-------
   Fire: Shortbow          |   116 |   169 |   159 ||   444
    Use: Scroll            |     5 |     7 |    10 ||    22
         Potion            |       |       |     4 ||     4
 Armour: Leather armour    |    12 |     3 |       ||    15
         Ring mail         |       |    12 |     9 ||    21
  Dodge: Dodged            |    20 |    58 |    31 ||   109

Table legend:
 A = Non-vault XP
 B = Vault XP
 C = Vault XP percentage of total XP
 D = Non-vault monster count
 E = Vault monster count
 F = Vault count percentage of total count
                 A         B        C        D         E       F
            +---------+---------+-------+---------+---------+-------
      Total |    1869 |     247 |  11.7 |     141 |      24 |  14.5
            +---------+---------+-------+---------+---------+-------
        D:1 |      63 |       0 |   0.0 |      30 |       0 |   0.0
        D:2 |      38 |      36 |  48.6 |      23 |      11 |  32.4
        D:3 |      36 |      19 |  34.5 |      13 |       4 |  23.5
        D:4 |     516 |     188 |  26.7 |      22 |       8 |  26.7
        D:5 |     773 |       0 |   0.0 |      33 |       0 |   0.0
        D:6 |     443 |       4 |   0.9 |      20 |       1 |   4.8
            +---------+---------+-------+---------+---------+-------
